 Dungeon Crawl Stone Soup version 0.27.1-2-g3b301248ec (webtiles) character file.

Game seed: 17252495535003029159

4 nxtlvl the Chopper (level 1, -10/19 HPs)
             Began as a Draconian Berserker on Sept 30, 2021.
             Was a Follower of Trog.
             Mangled by Sigmund (11 damage)
             ... on level 2 of the Dungeon.
             The game lasted 00:02:15 (403 turns).

nxtlvl the Chopper (Draconian Berserker)             Turns: 403, Time: 00:02:15

Health: -10/19     AC:  4    Str: 19    XL:     1   Next: 58%
Magic:  1/1        EV: 12    Int:  7    God:    Trog [*.....]
Gold:   47         SH:  0    Dex: 10    Spells: 0/0 levels left

rFire    . . .     SeeInvis .   a - +0 battleaxe
rCold    . . .     Faith    .   (shield currently unavailable)
rNeg     . . .     Spirit   .   (armour unavailable)
rPois    .         Reflect  .   (helmet restricted)
rElec    .         Harm     .   (no cloak)
rCorr    .         Rampage  .   (no gloves)
Will     .....                  (no boots)
Stlth    +.........             (no amulet)
HPRegen  0.06/turn              (no ring)
MPRegen  0.07/turn              (no ring)

@: on berserk cooldown, slowed, very slow
A: AC +4, unfitting armour, cold-blooded
a: Renounce Religion, Berserk


You were on level 2 of the Dungeon.
You worshipped Trog.
Trog was aware of your devotion.
You visited 1 branch of the dungeon, and saw 2 of its levels.

You collected 47 gold pieces.

Inventory:

Hand Weapons
 a - a +0 battleaxe (weapon)
Missiles
 e - 21 bolts
Scrolls
 c - 3 scrolls of blinking {unknown}
 d - a scroll of identify {unknown}
Potions
 b - 2 potions of haste {unknown}
 f - a potion of heal wounds {unknown}


   Skills:
 - Level 3.2 Fighting
 * Level 3.3 Axes
 - Level 2.6 Dodging


You couldn't memorise any spells.
You didn't know any spells.
Your spell library was empty.

Dungeon Overview and Level Annotations

Branches:
Dungeon (2/15)

Altars:

Annotations:
D:2 Sigmund


Innate Abilities, Weirdness & Mutations

Your plain brown scales are hard. (AC +4)
You cannot fit into any form of body armour.
You are cold-blooded and may be slowed by cold attacks.


Message History

You feel a strong urge to attack something.
You closely miss Sigmund. Sigmund barely misses you.
You closely miss Sigmund. You slash Sigmund!
Sigmund is moderately wounded.
Sigmund points at you and mumbles some strange words.
You resist with significant effort.
Sigmund points at you and mumbles some strange words.
You resist with significant effort.
You closely miss Sigmund.
Your tail-slap misses Sigmund.
Sigmund is moderately wounded.
You barely miss Sigmund.
Your tail-slap misses Sigmund.
Sigmund is moderately wounded.
Sigmund gestures at you while chanting.
You are confused.
You barely miss Sigmund.
Sigmund is moderately wounded.
Sigmund screams, "Don't try to resist!"
Sigmund barely misses you.
You slash Sigmund!
Sigmund is severely wounded.
Sigmund hits you with a +0 scythe.
You bump into the rock wall.
You're too confused to move!
You feel a strong urge to attack something.
You are no longer berserk.
You are exhausted.
You feel yourself slow down.
Sigmund mumbles some strange words.
Sigmund flickers and vanishes!
Deactivating autopickup; reactivate with Ctrl-A.
You miss something. Something barely misses you. Something hits you.
You feel less confused. Something hits you!
* * * LOW HITPOINT WARNING * * *
Something hits you.
* * * LOW HITPOINT WARNING * * *
You barely miss something. You tail-slap something. Something hits you!
Ouch! That really hurt!
You die...

.....#####.## #.##.#
............. #.##.#
[..##.####.# #######.##.#
...##.## #.# #<......##.#
#####..# #.# ##########.#
######.###.# #..........#
..#........# ####.....#
..#........######## #.###.#
................@.# #.# #.#
###........######{# #####.#
#.# # #........# .# #.....#
#.# # #........#
.####.#######.# #
#........#####
.##...........# #
##...........#
.##.#.######### #
#...........# .##.#.........#
# #...........#
.##.######....# #
#...........##.##...........#


There were no monsters in sight!

Vanquished Creatures
  2 endoplasms
  A frilled lizard (D:2)
  2 rats (D:2)
5 creatures vanquished.

Notes
Turn   | Place    | Note
-------+----------+-------------------------------------------
     0 | D:1      | nxtlvl the Draconian Berserker began the quest for the Orb.
     0 | D:1      | Reached XP level 1. HP: 19/19 MP: 1/1
   384 | D:2      | Noticed Sigmund
   403 | D:2      | Mangled by Sigmund

Illustrated notes

Levels and vault maps discovered:
D:1:      matt_arrival_diagonals, layout_basic,
          shapermc_ecumenical_altar_mp_urbaneastern
D:2:      layout_basic, uniq_jessica, uniq_sigmund

Action                   || total
-------------------------++-------
Melee: Battleaxe         ||    15
       Hand axe          ||     7
       Tailslap          ||     2
Invok: Berserk           ||     1
Armor: Skin              ||     2
Dodge: Dodged            ||    12
